 Dungeon Crawl Stone Soup version 0.17-a0-1763-g847a857 (webtiles) character file.

5681 Psiweapon the Slicer (level 11, -6/62 HPs)
             Began as a Kobold Hunter on Sept 4, 2015.
             Was a Priest of Dithmenos.
             Mangled by an unseen horror (7 damage)
             ... on level 9 of the Dungeon.
             The game lasted 00:41:52 (9412 turns).

Psiweapon the Slicer (Kobold Hunter)                Turns: 9412, Time: 00:41:53

Health: -6/62      AC:  5    Str: 10    XL:     11   Next: 4%
Magic:  13/15      EV: 23    Int:  9    God:    Dithmenos [***...]
Gold:   425        SH:  0    Dex: 21    Spells: 0 memorised, 10 levels left

rFire  . . .     SeeInvis .     a - +1 hand crossbow
rCold  . . .     Clarity  .     d - +0 leather armour
rNeg   . . .     SustAt   .     (shield restricted)
rPois  +         Gourm    .     (no helmet)
rElec  .         Spirit   .     (no cloak)
rCorr  .         Warding  .     A - +0 pair of gloves
rMut   .         Stasis   .     (no boots)
MR     .....                    B - amulet of regeneration
Stlth  ++++++....               n - ring of poison resistance
                                f - ring of invisibility

@: marked, very slightly contaminated, wreathed by umbra, invisible, not
resistant to hostile enchantments, very stealthy
A: carnivore 3
a: Shadow Step, Renounce Religion, Turn Visible


You were on level 9 of the Dungeon.
You worshipped Dithmenos.
Dithmenos was most pleased with you.
You were very full.

You visited 1 branch of the dungeon, and saw 10 of its levels.

You collected 425 gold pieces.

Inventory:

Hand weapons
 a - a +1 hand crossbow (weapon)
 c - a +0 short sword
 m - a +2 dagger of protection
 H - a +0 long sword
 I - a +0 short sword of venom
Missiles
 b - 18 bolts (quivered)
 g - 16 bolts of flame
 k - 4 tomahawks
Armour
 d - a +0 leather armour (worn)
 A - a +0 pair of gloves (worn)
Jewellery
 f - a ring of invisibility (left hand)
 n - a ring of poison resistance (right hand)
 B - an amulet of regeneration (around neck)
 J - an uncursed ring of teleportation
Magical devices
 l - a wand of frost (16)
 t - a wand of magic darts (0)
 D - a wand of flame (14)
 F - a wand of teleportation (3)
Scrolls
 h - 3 scrolls of identify
 j - 2 scrolls of fog
 p - a scroll of remove curse
 q - a scroll of random uselessness {unknown}
 s - 2 scrolls of recharging {unknown}
 v - 2 scrolls of amnesia {unknown}
 y - a scroll of fear {unknown}
 C - a scroll of magic mapping {unknown}
 G - a scroll of noise {unknown}
Potions
 r - 4 potions of curing
 x - a potion of magic {unknown}
 z - a potion of agility {unknown}
 E - a potion of might {unknown}
Books
 w - a book of Debilitation

   Spells                             Type                      Level
   a - Corona                         Hexes                        1
   b - Slow                           Hexes                        2
   c - Gell's Gravitas                Hexes/Translocation          3
   d - Inner Flame                    Hexes/Fire                   3
   e - Cause Fear                     Hexes                        4
   f - Leda's Liquefaction            Hexes/Earth                  4
Comestibles
 e - 6 meat rations
 i - 2 royal jellies
 o - a beef jerky
 u - 2 slices of pizza


   Skills:
 - Level 4.7 Fighting
 - Level 10.3 Short Blades
 - Level 5.5 Crossbows
 + Level 6.1 Armour
 + Level 9.3 Dodging
 - Level 8.0 Stealth
 - Level 5.3 Evocations


You had 10 spell levels left.
You didn't know any spells.

Dungeon Overview and Level Annotations

Branches:
Dungeon (10/15)            Temple (0/1) D:4             Orc (0/4) D:9
   Lair: D:8-11

Altars:
Dithmenos
Fedhas
Gozag
Okawaru
Qazlal
Xom

Annotations:
D:7 killer bees!


Innate Abilities, Weirdness & Mutations

You are small and have problems with some larger weapons.
You are carnivorous and can eat meat at any time.


Message History

Press: ? - help, Shift-Dir - straight line, f/p - red ugly thing
Aim: a red ugly thing You shoot a bolt.
The bolt hits the red ugly thing!
The red ugly thing is lightly wounded.
Something hits you but does no damage. Something barely misses you.
Something barely misses you. x2
Firing (i - inventory. (,) - cycle):
b - 19 bolts (quivered)
Press: ? - help, Shift-Dir - straight line, f - orc priest, p - red ugly thing
Aim: an orc priest, wielding a mace and wearing a ring mail You shoot a bolt.
The bolt hits the red ugly thing.
The red ugly thing is lightly wounded.
Something hits you.
* * * LOW HITPOINT WARNING * * *
Something hits you.
* * * LOW HITPOINT WARNING * * *
Something hits you.
* * * LOW HITPOINT WARNING * * *
The orc priest casts a cantrip, but nothing happens.
Something hits you!
You die...

#..#..#.#.#...###..## #..
#.##...#..##......# #.#
###[..#.##.##(.########### ###'#
#...#..#.....#.#....##...# #....
#...#.####..###.#..#.....# #....
##..#..###.#....##.###...###....
#..##.###.########## #...'.#....
##.######### ########o..#.'....
#.........# #@.u.(.....###....
###.......# #########'## #####
#####.### ##.# ..# #..#
###+##### #.## #####.......#
######'###
##...'.......#####........# ###
...###.....[.'..##....(...###
#.. ####
#.......##..#........'.###..


You could see a red ugly thing and an orc priest.

Vanquished Creatures
  A troll (D:9)
  A two-headed ogre (D:9)
  A deep elf mage (D:9)
  A hill giant zombie (D:9)
  A hippogriff (D:8)
  7 yaks (D:9)
  A hungry ghost (D:9)
  A sky beast (D:6)
  4 centaurs
  An ice beast (D:7)
  3 ogres
  5 phantoms
  A crocodile (D:9)
  10 giant frogs
  5 scorpions
  6 hounds
  3 centaur zombies
  3 crimson imps
  A quasit (D:7)
  3 jellies
  A giant frog zombie (D:5)
  A giant frog skeleton (D:7)
  3 iguanas
  2 orc priests (D:6)
  4 orc wizards
  A killer bee zombie (D:6)
  6 worker ants
  5 ogre zombies (D:9)
  2 hound zombies
  A worker ant zombie (D:5)
  5 adders
  An adder skeleton (D:7)
  3 adder zombies
  3 worms
  5 giant geckos
  15 orcs
  4 ball pythons
  3 bats
  4 giant cockroaches
  7 goblins
  4 hobgoblins
  14 jackals
  2 quokkas
  2 giant gecko skeletons
  4 giant newts
  A goblin skeleton (D:9)
  2 goblin zombies (D:9)
  3 hobgoblin skeletons (D:9)
  3 hobgoblin zombies (D:9)
  7 kobolds
  8 orc zombies (D:9)
  A quokka skeleton (D:6)
  6 rats
  A butterfly (D:4)
193 creatures vanquished.

Notes
Turn   | Place    | Note
--------------------------------------------------------------
     0 | D:1      | Psiweapon the Kobold Hunter began the quest for the Orb.
     0 | D:1      | Reached XP level 1. HP: 12/12 MP: 1/1
    77 | D:1      | Reached skill level 5 in Crossbows
   123 | D:1      | Reached skill level 1 in Short Blades
   131 | D:1      | Reached XP level 2. HP: 17/17 MP: 2/2
   906 | D:2      | Reached XP level 3. HP: 21/21 MP: 0/3
   964 | D:2      | Found a shadowy altar of Dithmenos.
   979 | D:2      | Reached skill level 1 in Evocations
   987 | D:2      | Became a worshipper of Dithmenos the Shadowed
  1293 | D:2      | Found a blossoming altar of Fedhas.
  1378 | D:2      | Found an iron altar of Okawaru.
  1379 | D:2      | Found a stormy altar of Qazlal.
  1768 | D:3      | Reached XP level 4. HP: 26/26 MP: 5/5
  2502 | D:4      | Reached XP level 5. HP: 26/30 MP: 7/7
  2709 | D:4      | You fall through a shaft for 3 floors!
  2856 | D:6      | Noticed a phantom
  3115 | D:6      | Noticed a phantom
  3246 | D:6      | Killed a phantom
  3246 | D:6      | Reached skill level 5 in Stealth
  3246 | D:6      | Reached XP level 6. HP: 24/35 MP: 8/8
  3353 | D:6      | Reached skill level 6 in Stealth
  3439 | D:5      | Entered Level 5 of the Dungeon
  3531 | D:5      | Reached skill level 7 in Stealth
  3688 | D:5      | Reached XP level 7. HP: 37/40 MP: 9/9
  3725 | D:5      | Reached skill level 8 in Stealth
  4406 | D:4      | Found a staircase to the Ecumenical Temple.
  4762 | D:4      | Acquired Dithmenos's first power
  4823 | D:4      | Found a shimmering altar of Xom.
  5123 | D:6      | Noticed a phantom
  5133 | D:6      | Reached skill level 5 in Short Blades
  5141 | D:6      | Noticed a sky beast
  5148 | D:6      | Killed a phantom
  5180 | D:5      | Reached XP level 8. HP: 18/44 MP: 10/10
  5438 | D:6      | Killed a sky beast
  5804 | D:6      | Reached skill level 9 in Short Blades
  5806 | D:6      | Found an opulent altar of Gozag.
  5860 | D:6      | Killed a phantom
  6102 | D:6      | Reached skill level 10 in Short Blades
  6104 | D:6      | Reached XP level 9. HP: 38/48 MP: 9/11
  6378 | D:7      | Noticed a centaur
  6384 | D:7      | Killed a centaur
  6625 | D:7      | Noticed an ice beast
  6642 | D:7      | Killed an ice beast
  6906 | D:7      | Noticed an ogre
  6918 | D:7      | Reached skill level 5 in Evocations
  6931 | D:7      | Killed an ogre
  7138 | D:8      | Reached skill level 1 in Armour
  7148 | D:7      | Noticed an ogre
  7308 | D:7      | Killed an ogre
  7790 | D:8      | Noticed a centaur zombie
  7836 | D:8      | Killed a centaur zombie
  7836 | D:8      | Reached skill level 5 in Dodging
  7836 | D:8      | Reached XP level 10. HP: 50/58 MP: 14/14
  8297 | D:9      | Acquired Dithmenos's second power
  8298 | D:9      | Found a staircase to the Orcish Mines.
  8429 | D:9      | Reached skill level 5 in Armour
  8603 | D:9      | Noticed a troll
  8622 | D:9      | Killed a troll
  8774 | D:10     | Entered Level 10 of the Dungeon
  8954 | D:9      | Reached XP level 11. HP: 62/62 MP: 15/15
  9408 | D:9      | Noticed a red ugly thing
  9412 | D:9      | HP: 1/62 [something (5)]
  9412 | D:9      | Mangled by an unseen horror

Vault maps used:
D:1:      dpeg_arrival_leaves_temple_mockup, nrook_mini_vaults
D:2:      nicolae_dithmenos_shadow_blocks, fedhas_altar_4,
          gammafunk_temple_overflow_pools
D:4:      kennysheep_mini, minmay_temple_entry_butterflies, first_bread,
          kennysheep_generic_room_2
D:6:      basic_altar
D:8:      uniq_erolcha
D:9:      zombieorc1_lemuel
D:10:     basic_altar, special_room, kennysheep_cluttered_room

Action                   |  1- 3 |  4- 6 |  7- 9 | 10-12 || total
-------------------------+-------+-------+-------+-------++-------
Melee: Short sword       |    33 |     8 |       |    35 ||    76
       Dagger            |     8 |   228 |   387 |   223 ||   846
 Fire: Hand crossbow     |    48 |    24 |    75 |    31 ||   178
Throw: Tomahawk          |       |       |       |     1 ||     1
Invok: Shadow Step       |       |       |       |     2 ||     2
 Abil: Evoke Invisibilit |     4 |     2 |    11 |     7 ||    24
Evoke: Wand              |       |     4 |     2 |     1 ||     7
  Use: Scroll            |     1 |     2 |       |     2 ||     5
       Potion            |       |     3 |     1 |       ||     4
 Stab: Sleeping          |     3 |     5 |    14 |    18 ||    40
       Invisible         |     2 |     3 |    15 |    14 ||    34
       Distracted        |       |     1 |     2 |       ||     3
  Eat: Chunk             |    10 |     5 |    20 |    16 ||    51
       Meat ration       |     1 |       |       |       ||     1
